 Dungeon Crawl Stone Soup version 0.30-a0-172-gc5509c9e31 (webtiles) character file.

Game seed: 5178149923282777951

659 qw the Chopper (level 7, -3/44 HPs)
             Began as a Gargoyle Fighter on Oct 1, 2022.
             Slain by a gnoll
             ... wielding a +0 halberd
             ... led by a gnoll bouda
              (6 damage)
             ... on level 5 of the Dungeon.
             The game lasted 00:01:25 (3995 turns).

qw the Chopper (Gargoyle Fighter)                   Turns: 3995, Time: 00:01:25

Health: -3/44      AC: 23    Str: 22    XL:     7   Next: 55%
Magic:  7/7        EV:  7    Int:  8    God:
Gold:   246        SH:  4    Dex:  9    Spells: 6/6 levels left

rFire   . . .      SeeInvis .    Y - +0 war axe (protect)
rCold   + . .      Faith    .    c - +0 buckler
rNeg    + . .      Spirit   .    o - +0 chain mail
rPois   inf        Reflect  .    r - +0 helmet
rElec   +          Harm     .    (no cloak)
rCorr   .          Rampage  .    (no gloves)
Will    .....                    e - +0 pair of boots
Stlth   ..........               l - amulet of the acrobat
HPRegen 0.27/turn                i - ring of protection from cold
MPRegen 0.10/turn                (no ring)

@: about to teleport, under a protective aura
A: sickness immunity, AC +4, negative energy resistance 1, electricity
resistance, torment resistance 1, petrification resistance
a: no special abilities


You were on level 5 of the Dungeon.
You visited 1 branch of the dungeon, and saw 5 of its levels.

You collected 246 gold pieces.


Innate Abilities, Weirdness & Mutations

You are immune to sickness and miasma.
Your stone body is resilient. (AC +4)
You are immune to poison.
You resist negative energy. (rN+)
You are resistant to electric shocks. (rElec)
You are resistant to unholy torment.
You are immune to petrification.


   Skills:
 - Level 4.7 Fighting
 + Level 6.4 Axes
 - Level 1.8 Throwing
 - Level 3.2 Armour
 - Level 1.0 Dodging
 - Level 3.2 Shields


You had 6 spell levels left.
You didn't know any spells.
Your spell library was empty.

Inventory:

Hand Weapons
 q - a +0 flail
 Y - a +0 war axe of protection (weapon)
Missiles
 h - 3 boomerangs (quivered)
Armour
 c - a +0 buckler (worn)
 e - a +0 pair of boots (worn)
 o - a +0 chain mail (worn)
 r - a +0 helmet (worn)
Jewellery
 i - a ring of protection from cold (left hand)
 l - an amulet of the acrobat (around neck)
Scrolls
 g - 2 scrolls of identify
Potions
 a - 2 potions of haste
 b - a potion of degeneration {unknown}
 d - 2 potions of might
 f - a potion of curing
 m - a potion of cancellation
 n - a potion of lignification

Dungeon Overview and Level Annotations

Branches:
Dungeon (5/15)
 Temple: D:4-7

Altars:

Annotations:
D:5 1 transporter


Message History

The gnoll hits you but does no damage.
You barely miss the iguana.
The iguana is severely wounded.
You barely miss the gnoll bouda. The gnoll barely misses you.
The iguana closely misses you. The gnoll hits you but does no damage.
You hit the iguana but do no damage.
The iguana is severely wounded.
You closely miss the gnoll. You hit the gnoll bouda.
The gnoll barely misses you.
The iguana bites you but does no damage.
You block the gnoll's attack.
The gnoll hits you from afar with a +0 halberd.
You barely miss the iguana.
The iguana is severely wounded.
You slash the gnoll bouda! You hit the gnoll but do no damage.
The gnoll hits you but does no damage.
The iguana bites you but does no damage.
The gnoll hits you but does no damage.
The gnoll hits you from afar with a +0 halberd.
The gnoll hits you but does no damage.
The gnoll bouda calls upon its god to heal the gnoll.
The gnoll's wounds heal themselves!
The iguana bites you.
You closely miss the iguana.
The iguana is severely wounded.
You closely miss the gnoll bouda. You completely miss the gnoll.
The gnoll hits you but does no damage. x2
The iguana bites you but does no damage.
The gnoll bouda hits you with a +0 whip.
The gnoll hits you but does no damage.
You completely miss the iguana.
The iguana is severely wounded.
You barely miss the gnoll bouda. You barely miss the gnoll.
The gnoll hits you but does no damage. x2; The gnoll bouda barely misses you.
The iguana bites you!
3995 ||| READING scroll of teleportation.
As you read the scroll of teleportation, it crumbles to dust.
You feel strangely unstable.
The gnoll hits you from afar with a +0 halberd.
You die...

#.# #.# .. .....## #.#
..# ......# #.# ..#
...... #.## #.####....#
##.>### #.##.....##
......### #.....g...#.
........#####...gg......
...###...##...(.@lg.....
........%..#####.).....#
...........# #......##
...........# ......##
.....###...# .###..#
...###^##..# .# #.# #..#
.#.#..# # ## ## .# ##...
.. ....#


You could see a gnoll bouda, an iguana and 3 gnolls.

Vanquished Creatures
  Menkaure (D:4)
  A black bear (D:5)
  A necrophage (D:4)
  A bullfrog (D:4)
  3 hounds
  An orc priest (D:4)
  An iguana (D:4)
  Robin (D:4)
  3 gnolls
  3 adders
  2 worms
  A dart slug (D:1)
  10 orcs
  7 bats
  7 endoplasms
  4 giant cockroaches
  17 goblins
  9 hobgoblins
  8 jackals
  6 kobolds
  4 quokkas
  9 ball pythons
  5 frilled lizards
  4 rats
109 creatures vanquished.

Notes
Turn   | Place    | Note
-------+----------+-------------------------------------------
     0 | D:1      | qw the Gargoyle Fighter began the quest for the Orb.
     0 | D:1      | Reached XP level 1. HP: 14/14 MP: 1/1
     0 | D:1      | 0 ||| qw: Version: 0.2-a-13-gfc7b4b4
     0 | D:1      | 0 ||| qw: Game counter: 1770
     0 | D:1      | 0 ||| qw: Always use a shield: true
     0 | D:1      | 0 ||| qw: God list: Okawaru
     0 | D:1      | 0 ||| qw: Allow faded altars: false
     0 | D:1      | 0 ||| qw: Do Orc after D:15 true
     0 | D:1      | 0 ||| qw: Do second Lair branch before Depths: true
     0 | D:1      | 0 ||| qw: Lair rune preference: random
     0 | D:1      | 0 ||| qw: Plans: Normal, Zot:1-4, God:TSO, Crypt, Tomb,
                  | Pan, Slime:5, Hells, Abyss, Orb
     0 | D:1      | 0 ||| PLANNING D:1-11
     6 | D:1      | You fall into a shaft and drop 1 floor!
    49 | D:2      | Reached skill level 2 in Axes
    60 | D:2      | Reached XP level 2. HP: 19/19 MP: 2/2
   112 | D:2      | 112 ||| READING scroll labelled ZOOM FUCEMIRPH.
   209 | D:1      | Reached skill level 3 in Axes
   273 | D:1      | Reached XP level 3. HP: 21/23 MP: 3/3
   405 | D:1      | 405 ||| Stepping ~*~*~tactically~*~*~ (hiding).
   476 | D:1      | 476 ||| DROPPING +0 whip.
   568 | D:1      | 568 ||| Stepping ~*~*~tactically~*~*~ (stealth).
  1078 | D:1      | Reached XP level 4. HP: 28/28 MP: 4/4
  1155 | D:1      | 1155 ||| UPGRADING to +0 pair of boots.
  1160 | D:1      | 1160 ||| READING scroll labelled NOMMYQ URCHAJ.
  1161 | D:1      | 1161 ||| READING scroll labelled DILADEICOO.
  1162 | D:1      | 1162 ||| DRINKING 2 fuming clear potions.
  1214 | D:2      | 1214 ||| Stepping ~*~*~tactically~*~*~ (stealth).
  1241 | D:2      | Found a faded altar of an unknown god.
  1316 | D:2      | 1316 ||| Stepping ~*~*~tactically~*~*~ (stealth).
  1375 | D:2      | 1375 ||| Stepping ~*~*~tactically~*~*~ (stealth).
  1381 | D:2      | 1381 ||| Stepping ~*~*~tactically~*~*~ (stealth).
  1382 | D:2      | 1382 ||| Stepping ~*~*~tactically~*~*~ (stealth).
  1383 | D:2      | 1383 ||| Stepping ~*~*~tactically~*~*~ (stealth).
  1419 | D:2      | 1419 ||| Stepping ~*~*~tactically~*~*~ (stealth).
  1482 | D:2      | 1482 ||| Stepping ~*~*~tactically~*~*~ (stealth).
  1697 | D:2      | 1697 ||| UPGRADING to ring of protection from cold.
  1698 | D:2      | 1698 ||| READING scroll labelled JODGHI WIHY.
  1965 | D:3      | 1965 ||| Stepping ~*~*~tactically~*~*~ (stealth).
  2105 | D:3      | Reached skill level 4 in Axes
  2364 | D:3      | Reached skill level 1 in Throwing
  2364 | D:3      | Reached XP level 5. HP: 28/32 MP: 5/5
  2438 | D:3      | 2438 ||| DROPPING +2 whip of electrocution.
  2524 | D:3      | 2524 ||| DROPPING orb of energy.
  2525 | D:3      | 2525 ||| UPGRADING to amulet of the acrobat.
  2530 | D:3      | 2530 ||| READING scroll labelled CEOSEG KEOGATT.
  2552 | D:3      | 2552 ||| READING 2 scrolls labelled JATARY CEROCK.
  2553 | D:3      | 2553 ||| READING 3 scrolls of identify.
  2553 | D:3      | 2553 ||| IDENTIFYING fuming dark potion
  2554 | D:3      | 2554 ||| READING 2 scrolls of identify.
  2554 | D:3      | 2554 ||| IDENTIFYING blue potion
  2555 | D:3      | 2555 ||| DROPPING scroll of blinking.
  2573 | D:4      | 2573 ||| Stepping ~*~*~tactically~*~*~ (hiding).
  2777 | D:4      | Reached skill level 5 in Axes
  2777 | D:4      | 2777 ||| Stepping ~*~*~tactically~*~*~ (stealth).
  2780 | D:4      | Reached XP level 6. HP: 37/37 MP: 6/6
  2843 | D:4      | Noticed Menkaure
  2849 | D:4      | HP: 6/37 [Menkaure (8)]
  2850 | D:4      | Killed Menkaure
  3104 | D:4      | 3104 ||| Stepping ~*~*~tactically~*~*~ (stealth).
  3105 | D:4      | Noticed Robin
  3106 | D:4      | 3106 ||| Stepping ~*~*~tactically~*~*~ (stealth).
  3109 | D:4      | 3109 ||| Stepping ~*~*~tactically~*~*~ (hiding).
  3129 | D:4      | Reached skill level 1 in Dodging
  3176 | D:4      | 3176 ||| Stepping ~*~*~tactically~*~*~ (stealth).
  3186 | D:4      | Killed Robin
  3213 | D:4      | Reached XP level 7. HP: 42/44 MP: 7/7
  3222 | D:4      | 3222 ||| READING scroll of brand weapon.
  3222 | D:4      | 3222 ||| BRANDING +0 vorpal war axe.
  3544 | D:4      | 3544 ||| Stepping ~*~*~tactically~*~*~ (stealth).
  3546 | D:4      | 3546 ||| Stepping ~*~*~tactically~*~*~ (stealth).
  3758 | D:4      | 3758 ||| UPGRADING to +0 chain mail.
  3768 | D:4      | 3768 ||| DROPPING +0 scale mail.
  3769 | D:4      | 3769 ||| UPGRADING to +0 helmet.
  3774 | D:4      | 3774 ||| READING scroll labelled GOBLAEM ULORPH.
  3775 | D:4      | 3775 ||| READING scroll labelled FETTORH NEGOGO.
  3776 | D:4      | 3776 ||| DRINKING 2 yellow potions.
  3826 | D:5      | Entered Level 5 of the Dungeon
  3885 | D:5      | Reached skill level 6 in Axes
  3961 | D:5      | Found a transporter.
  3994 | D:5      | HP: 3/44 [iguana (10)]
  3995 | D:5      | 3995 ||| READING scroll of teleportation.
  3995 | D:5      | Slain by a gnoll

Levels and vault maps discovered:
D:1:      saegor_arrival_simple_b, layout_basic,
          nicolae_concentric_dashed_squares_mild
D:2:      layout_basic, hellmonk_ecumenical_altar_zigzags
D:3:      layout_basic, cheibrodos_gnoll_hut
D:4:      layout_basic, chequers_serial_rivers_micro_b, uniq_crazy_yiuf_cottage,
          uniq_menkaure, uniq_robin
D:5:      layout_layer_cave, gammafunk_ghost_abyssal_escape, uniq_sigmund

Skill      XL: |  1  2  3  4  5  6  7 |
---------------+----------------------+-----
Axes           | 2 3 4 5 6 |  6.4
Throwing       | 1 |  1.8
Fighting       | 4 |  4.7
Dodging        | 1 |  1.0
Armour         | |  3.2
Shields        | |  3.2

Action                   |  1- 3 |  4- 6 |  7- 9 || total
-------------------------+-------+-------+-------++-------
Melee: War axe           |   103 |   103 |    40 ||   246
Throw: Boomerang         |     5 |    14 |     3 ||    22
       Javelin           |       |    40 |     6 ||    46
  Use: Scroll            |     1 |     7 |     4 ||    12
       Potion            |       |     1 |     1 ||     2
Armor: Scale mail        |    44 |    64 |     9 ||   117
       Chain mail        |       |       |    28 ||    28
Dodge: Dodged            |    45 |    38 |    23 ||   106
Block: Buckler           |    24 |    27 |    12 ||    63

Table legend:
 A = Non-vault XP
 B = Vault XP
 C = Vault XP percentage of total XP
 D = Non-vault monster count
 E = Vault monster count
 F = Vault count percentage of total count
                 A         B        C        D         E       F
            +---------+---------+-------+---------+---------+-------
      Total |     631 |     311 |  33.0 |      93 |      16 |  14.7
            +---------+---------+-------+---------+---------+-------
        D:1 |      59 |       0 |   0.0 |      34 |       0 |   0.0
        D:2 |      44 |       0 |   0.0 |      18 |       0 |   0.0
        D:3 |      23 |     102 |  81.6 |      12 |       3 |  20.0
        D:4 |     334 |     209 |  38.5 |      25 |      13 |  34.2
        D:5 |     171 |       0 |   0.0 |       4 |       0 |   0.0
            +---------+---------+-------+---------+---------+-------
